 Dungeon Sprint DCSS version 0.16-a0-3803-gd4b2de5 (console) character file.

34 Monkaria the Skirmisher (level 3, -17/39 HPs)
             Began as a Hill Orc Fighter on Jan 26, 2015.
             Was an Initiate of Makhleb.
             Demolished by a hill giant
             ... wielding a +0 giant club
              (31 damage)
             ... in the Dungeon (Sprint IX: "|||||||||||||||||||||||||||||").
             The game lasted 00:00:56 (225 turns).

Monkaria the Skirmisher (Hill Orc Fighter)           Turns: 225, Time: 00:00:57

Health: -17/39     AC:  9    Str: 19    XL:     3   Next: 31%
Magic:  3/3        EV:  9    Int:  8    God:    Makhleb [......]
Gold:   0          SH:  9    Dex: 13    Spells: 0 memorised, 2 levels left

rFire  . . .     SeeInvis .     p - +2 scimitar (flame)
rCold  . . .     Clarity  .     r - +1 scale mail
rNeg   . . .     SustAb   .     c - +0 shield
rPois  .         Gourm    .     (no helmet)
rElec  .         Spirit   .     (no cloak)
rCorr  .         Warding  .     q - +0 pair of gloves
rMut   .         NoTele   +     (no boots)
MR     .....                    (no amulet)
Stlth  ..........               s - +2 ring of evasion
                                t - +3 ring of dexterity

@: not resistant to hostile enchantments, extremely unstealthy
A: no striking features
a: Renounce Religion


You were in the Dungeon.
You worshipped Makhleb.
Makhleb was noncommittal.
You were not hungry.

You visited 1 branch

Inventory:

Hand weapons
 p - a +2 scimitar of flaming (weapon)
Armour
 c - a +0 shield (worn)
 q - a +0 pair of gloves (worn)
 r - a +1 scale mail (worn)
Jewellery
 s - a +2 ring of evasion (right hand)
 t - a +3 ring of dexterity (left hand)
Magical devices
 o - a wand of fire (7)
Scrolls
 k - 2 scrolls of blinking
 m - 3 scrolls of remove curse
 n - 2 scrolls of amnesia
Potions
 e - a potion of might
 f - a potion of invisibility
 g - 2 potions of heal wounds
 h - a potion of haste
 i - 4 potions of magic
 j - a potion of berserk rage
 l - 4 potions of curing
Comestibles
 d - a meat ration


   Skills:
 - Level 7.3 Fighting
 + Level 4.1 Long Blades
 - Level 3.2 Armour
 - Level 3.2 Shields


You had 2 spell levels left.
You didn't know any spells.

Dungeon Overview and Level Annotations

Branches:
Dungeon (1/1)

Altars:
Cheibriados
Dithmenos
Elyvilon
Fedhas
Gozag
Kikubaaqudgha
Makhleb
Nemelex Xobeh
Okawaru
Qazlal
Ru
Sif Muna
Trog
Vehumet
Xom
Yredelemnul
Zin
The Shining One
Beogh
Jiyva
Lugonu


Message History

There is an open door to the Dungeon here.
You closely miss the giant spore.
The giant spore explodes!
The hill giant appears confused.
The explosion of spores engulfs the hill giant.
The explosion of spores engulfs you!
You are confused.
Ouch! That really hurt!
Unknown command.
Unknown command.
The crimson imp blinks!
You feel less confused.
The crimson imp blinks!
The hill giant barely misses you.
The hill giant hits the ogre with a giant club!!
You slash the hill giant! You burn the hill giant.
The hill giant is moderately wounded.
The hill giant seems less confused.
The hill giant hits you with a giant club!!
Ouch! That really hurt!
You die...

▓+▓
▓.▓
▓.▓
▓Z▓
▓{▓
▓O▓
▓C▓
▓@▓
▓)▓
▓.▓
▓.▓
▓5▓
▓.▓
▓)▓
▓|▓
▓.▓


You could see a hill giant, an ogre, a crimson imp and a bat skeleton.

Vanquished Creatures
  A worker ant (D)
  An orc (D)
  2 goblins (D)
  A ball python (D)
  A bat (D)
  A giant gecko (D)
  2 giant newts (D)
  A rat (D)
10 creatures vanquished.

Vanquished Creatures (others)
  A giant spore (D)
1 creature vanquished.

Grand Total: 11 creatures vanquished

Notes
Turn   | Place    | Note
--------------------------------------------------------------
     0 | D        | Monkaria, the Hill Orc Fighter, began the quest for the Orb.
     0 | D        | Reached XP level 1. HP: 19/19 MP: 1/1
    16 | D        | Reached skill level 4 in Fighting
    28 | D        | Noticed a worker ant
    33 | D        | Reached XP level 2. HP: 20/28 MP: 2/2
    44 | D        | HP: 1/28 [worker ant (4)]
    48 | D        | Killed a worker ant
    48 | D        | Reached skill level 7 in Fighting
    48 | D        | Reached XP level 3. HP: 30/39 MP: 3/3
   154 | D        | Found a glowing silver altar of Zin.
   154 | D        | Found a glowing golden altar of the Shining One.
   154 | D        | Found an ancient bone altar of Kikubaaqudgha.
   154 | D        | Found a basalt altar of Yredelemnul.
   154 | D        | Found a shimmering altar of Xom.
   154 | D        | Found a radiant altar of Vehumet.
   154 | D        | Found an iron altar of Okawaru.
   155 | D        | Found a burning altar of Makhleb.
   156 | D        | Found a deep blue altar of Sif Muna.
   157 | D        | Found a bloodstained altar of Trog.
   158 | D        | Found a sparkling altar of Nemelex Xobeh.
   159 | D        | Found a white marble altar of Elyvilon.
   160 | D        | Found a roughly hewn altar of Beogh.
   161 | D        | Found a viscous altar of Jiyva.
   162 | D        | Found a corrupted altar of Lugonu.
   163 | D        | Found a blossoming altar of Fedhas.
   164 | D        | Became a worshipper of Makhleb the Destroyer
   165 | D        | Found a snail-covered altar of Cheibriados.
   166 | D        | Found a shadowy altar of Dithmenos.
   167 | D        | Found a stormy altar of Qazlal.
   168 | D        | Found an opulent altar of Gozag.
   169 | D        | Found a sacrificial altar of Ru.
   217 | D        | Noticed an orc wizard
   217 | D        | Noticed an ogre
   217 | D        | Noticed a hill giant
   217 | D        | Noticed a crimson imp
   225 | D        | Demolished by a hill giant

Action                   || total
-------------------------++-------
Melee: Long sword        ||    36
       Scimitar          ||     2
  Use: Potion            ||     2
